SKY
SAN FRANCISCO GIANTS @ SEATTLE MARINERS
09/07/2052
 
TOP OF THE 1ST
San Francisco Giants batting - Pitching for Seattle Mariners : RHP Elijah Siddall
Pitching: RHP Elijah Siddall
Batting: RHB Kaiden Clackum 0-0: Ground out 4-3 (Groundball, 4MD, EV 94.4 MPH)
Batting: RHB Nolan Peterson 0-0: Called Strike
0-1: Foul Ball, location: 3FF
0-2: Foul Ball, location: 9LDF
0-2: Foul Ball, location: 5F
0-2: Reached on error, E5 (Groundball, 56S, EV 85.0 MPH)
Batting: LHB Jeff Edelman 0-0: Called Strike
0-1: Ball
1-1: Swinging Strike
1-2: Strikes out swinging
Batting: RHB Theodore Phu 0-0: Ball
1-0: Foul Ball, location: 2F
1-1: Ball
2-1: Foul Ball, location: 9LSF
2-2: Fly out, F7 (Flyball, 7D, EV 90.0 MPH)
Top of the 1st over - 0 runs, 0 hits, 1 error, 1 left on base; San Francisco 0 - Seattle 0
BOTTOM OF THE 1ST
Seattle Mariners batting - Pitching for San Francisco Giants : LHP J.D. Williams
Pitching: LHP J.D. Williams
Batting: RHB Jacob Cole 0-0: Ball
1-0: Swinging Strike
1-1: Foul Ball, location: 2F
1-2: Ball
2-2: Fly out, F9 (Flyball, 9D, EV 105.6 MPH)
Batting: RHB Anthony Gelin 0-0: Ball
1-0: Ball
2-0: Called Strike
2-1: Swinging Strike
2-2: Foul Ball, location: 7LSF
2-2: Foul Ball, location: 25FF
2-2: Ball
3-2: Fly out, F7 (Line Drive, 7S, EV 103.1 MPH)
Batting: RHB Bobby Brundage 0-0: Called Strike
0-1: Swinging Strike
0-2: Ball
1-2: Ball
2-2: Strikes out swinging
Bottom of the 1st over - 0 runs, 0 hits, 0 errors, 0 left on base; San Francisco 0 - Seattle 0
TOP OF THE 2ND
San Francisco Giants batting - Pitching for Seattle Mariners : RHP Elijah Siddall
Batting: RHB Jackson Maul 0-0: Ball
1-0: Ball
2-0: Ground out 6-3 (Groundball, 6, EV 83.1 MPH)
Batting: RHB Rhett Damewood 0-0: Foul Ball, location: 5FF
0-1: Ball
1-1: Swinging Strike
1-2: Ball
2-2: SINGLE (Line Drive, 78S, EV 90.6 MPH)
Batting: LHB Ray Gettelfinger 0-0: Foul Ball, location: 3F
0-1: Ball
1-1: Called Strike
1-2: Ball
2-2: Grounds out, U3 (Groundball, 3L, EV 93.8 MPH)
Batting: RHB Sebastian Schleusner 0-0: Called Strike
0-1: Called Strike
0-2: Ball
1-2: Ball
2-2: Strikes out swinging
Top of the 2nd over - 0 runs, 1 hit, 0 errors, 1 left on base; San Francisco 0 - Seattle 0
BOTTOM OF THE 2ND
Seattle Mariners batting - Pitching for San Francisco Giants : LHP J.D. Williams
Batting: RHB Alexis Loya 0-0: Foul Ball, location: 9LMF
0-1: Swinging Strike
0-2: Ball
1-2: Ball
2-2: Ball
3-2: Strikes out swinging
Batting: RHB Harwood Witt 0-0: Ball
1-0: Fly out, F9 (Line Drive, 89M, EV 94.4 MPH)
Batting: RHB Gabriel Stoddard 0-0: Foul Ball, location: 2F
0-1: Ball
1-1: Ball
2-1: Swinging Strike
2-2: Ball
3-2: Foul Ball, location: 9LSF
3-2: SINGLE (Groundball, 4D, EV 102.5 MPH)
Batting: RHB James Victor 0-0: Foul Ball, location: 5F
0-1: Called Strike
0-2: Foul Ball, location: 5FF
0-2: Ball
1-2: SINGLE (Line Drive, 78M, EV 91.9 MPH)
Gabriel Stoddard to second
Batting: RHB Amory Friedli 0-0: Ball
1-0: Foul Ball, location: 2F
1-1: Ball
2-1: Foul Ball, location: 2F
2-2: Ball
3-2: Base on Balls
Gabriel Stoddard to third
James Victor to second
Batting: RHB Ty Moss 0-0: Ground out 5-3 (Groundball, 56S, EV 73.8 MPH)
Bottom of the 2nd over - 0 runs, 2 hits, 0 errors, 3 left on base; San Francisco 0 - Seattle 0
TOP OF THE 3RD
San Francisco Giants batting - Pitching for Seattle Mariners : RHP Elijah Siddall
Batting: SHB Nathanael Harrison 0-0: Foul Ball, location: 2F
0-1: Ball
1-1: Ball
2-1: Ground out 4-3 (Groundball, 4, EV 91.3 MPH)
Batting: RHB Kaiden Clackum 0-0: Swinging Strike
0-1: Ball
1-1: Ball
2-1: Ground out 5-3 (Groundball, 56S, EV 85.0 MPH)
Batting: RHB Nolan Peterson 0-0: Foul Ball, location: 2F
0-1: SINGLE (Line Drive, 8LS, EV 106.3 MPH)
Batting: LHB Jeff Edelman 0-0: Called Strike
0-1: Ball
1-1: Ball
2-1: Ball
3-1: Foul Ball, location: 2F
3-2: Foul Ball, location: 7LSF
3-2: Foul Ball, location: 3F
3-2: Ground out 4-3 (Groundball, 34, EV 102.5 MPH)
Top of the 3rd over - 0 runs, 1 hit, 0 errors, 1 left on base; San Francisco 0 - Seattle 0
BOTTOM OF THE 3RD
Seattle Mariners batting - Pitching for San Francisco Giants : LHP J.D. Williams
Batting: RHB Jacob Cole 0-0: SOLO HOME RUN (Flyball, 9D, EV 98.8 MPH), Distance : 389 ft
Batting: RHB Anthony Gelin 0-0: Called Strike
0-1: Foul Ball, location: 9LMF
0-2: Strikes out looking
Batting: RHB Bobby Brundage 0-0: Ball
1-0: Ball
2-0: Ball
3-0: Called Strike
3-1: Base on Balls
Batting: RHB Alexis Loya 0-0: Ball
1-0: Fielders Choice at 2nd, 5-4 (Groundball, 56S, EV 80.6 MPH)
Batting: RHB Harwood Witt 0-0: Foul Ball, location: 2F
0-1: Ball
1-1: Ball
2-1: Called Strike
Alexis Loya is caught stealing 2nd base 2-4
Bottom of the 3rd over - 1 run, 1 hit, 0 errors, 0 left on base; San Francisco 0 - Seattle 1
TOP OF THE 4TH
San Francisco Giants batting - Pitching for Seattle Mariners : RHP Elijah Siddall
Batting: RHB Theodore Phu 0-0: Foul Ball, location: 5F
0-1: Ball
1-1: Called Strike
1-2: Strikes out swinging
Batting: RHB Jackson Maul 0-0: Called Strike
0-1: Swinging Strike
0-2: Ball
1-2: Strikes out swinging
Batting: RHB Rhett Damewood 0-0: Called Strike
0-1: Ball
1-1: Called Strike
1-2: Strikes out swinging
Top of the 4th over - 0 runs, 0 hits, 0 errors, 0 left on base; San Francisco 0 - Seattle 1
BOTTOM OF THE 4TH
Seattle Mariners batting - Pitching for San Francisco Giants : LHP J.D. Williams
Batting: RHB Harwood Witt 0-0: Fly out, F9 (Line Drive, 9S, EV 96.9 MPH)
Batting: RHB Gabriel Stoddard 0-0: Ball
1-0: Foul Ball, location: 5F
1-1: Ground out 4-3 (Groundball, 34, EV 86.9 MPH)
Batting: RHB James Victor 0-0: SOLO HOME RUN (Flyball, 7D, EV 95.0 MPH), Distance : 370 ft
Batting: RHB Amory Friedli 0-0: Called Strike
0-1: SINGLE (Line Drive, 4D, EV 97.5 MPH)
Batting: RHB Ty Moss 0-0: Swinging Strike
0-1: Fly out, F9 (Line Drive, 9, EV 89.4 MPH)
Bottom of the 4th over - 1 run, 2 hits, 0 errors, 1 left on base; San Francisco 0 - Seattle 2
TOP OF THE 5TH
San Francisco Giants batting - Pitching for Seattle Mariners : RHP Elijah Siddall
Batting: LHB Ray Gettelfinger 0-0: Ball
1-0: Fly out, F9 (Line Drive, 89M, EV 105.6 MPH)
Batting: RHB Sebastian Schleusner 0-0: Foul Ball, location: 23FF
0-1: Swinging Strike
0-2: Ball
1-2: Ground out 6-3 (Groundball, 56D, EV 95.6 MPH)
Batting: SHB Nathanael Harrison 0-0: Ball
1-0: Foul Ball, location: 2F
1-1: Ground out 6-3 (Groundball, 6D, EV 108.8 MPH)
Top of the 5th over - 0 runs, 0 hits, 0 errors, 0 left on base; San Francisco 0 - Seattle 2
BOTTOM OF THE 5TH
Seattle Mariners batting - Pitching for San Francisco Giants : LHP J.D. Williams
Pitching: RHP D.J. Newton
Batting: RHB Jacob Cole 0-0: Ball
1-0: Foul Ball, location: 2F
1-1: Ball
2-1: Ball
3-1: Foul Ball, location: 2F
3-2: Foul Ball, location: 9LMF
3-2: Foul Ball, location: 2LF
3-2: Ground out 5-3 (Groundball, 6MS, EV 75.0 MPH)
Batting: RHB Anthony Gelin 0-0: Ball
1-0: Ground out 5-3 (Groundball, 56S, EV 63.1 MPH)
Batting: RHB Bobby Brundage 0-0: Called Strike
0-1: Foul Ball, location: 9LDF
0-2: Ball
1-2: Strikes out swinging
Bottom of the 5th over - 0 runs, 0 hits, 0 errors, 0 left on base; San Francisco 0 - Seattle 2
TOP OF THE 6TH
San Francisco Giants batting - Pitching for Seattle Mariners : RHP Elijah Siddall
Batting: RHB Kaiden Clackum 0-0: Called Strike
0-1: Swinging Strike
0-2: Ball
1-2: DOUBLE (Line Drive, 8LD, EV 110.6 MPH)
Batting: RHB Nolan Peterson 0-0: Ball
1-0: Hit by Pitch
Batting: LHB Jeff Edelman 0-0: Called Strike
0-1: DOUBLE (Line Drive, 7LM, EV 91.9 MPH)
Kaiden Clackum scores
Nolan Peterson to third
Batting: RHB Theodore Phu 0-0: Ball
1-0: Ball
2-0: Called Strike
2-1: Swinging Strike
2-2: Ball
3-2: Foul Ball, location: 5F
3-2: Base on Balls
Batting: RHB Jackson Maul 0-0: Called Strike
0-1: Called Strike
0-2: Ball
1-2: Ball
2-2: Ball
3-2: Foul Ball, location: 5FF
3-2: GRAND SLAM HOME RUN (Flyball, 7LD, EV 94.4 MPH), Distance : 354 ft
Pitching: LHP Mike Nimitz
Batting: RHB Rhett Damewood 0-0: Ball
1-0: Ball
2-0: Foul Ball, location: 2F
2-1: Foul Ball, location: 9LSF
2-2: Strikes out swinging
Batting: LHB Ray Gettelfinger 0-0: Called Strike
0-1: Foul Ball, location: 7LDF
0-2: Ball
1-2: Ground out 5-3 (Groundball, 56, EV 92.5 MPH)
Batting: RHB Sebastian Schleusner 0-0: Fly out, F9 (Line Drive, 89M, EV 91.3 MPH)
Top of the 6th over - 5 runs, 3 hits, 0 errors, 0 left on base; San Francisco 5 - Seattle 2
BOTTOM OF THE 6TH
Seattle Mariners batting - Pitching for San Francisco Giants : RHP D.J. Newton
Batting: RHB Alexis Loya 0-0: Called Strike
0-1: Foul Ball, location: 9LSF
0-2: Ball
1-2: Fly out, F9 (Flyball, 9LMF, EV 100.0 MPH)
Batting: RHB Harwood Witt 0-0: Ball
1-0: Ball
2-0: Swinging Strike
2-1: SINGLE (Groundball, 6S, EV 73.1 MPH) (infield hit)
Batting: RHB Gabriel Stoddard 0-0: Ball
1-0: Foul Ball, location: 5F
1-1: Swinging Strike
1-2: Ground out 4-3 (Groundball, 34, EV 101.3 MPH)
Harwood Witt to second
Batting: RHB James Victor 0-0: Swinging Strike
0-1: Foul Ball, location: 2F
0-2: Fly out, F7 (Flyball, 7, EV 86.9 MPH)
Bottom of the 6th over - 0 runs, 1 hit, 0 errors, 1 left on base; San Francisco 5 - Seattle 2
TOP OF THE 7TH
San Francisco Giants batting - Pitching for Seattle Mariners : LHP Mike Nimitz
Batting: SHB Nathanael Harrison 0-0: Ball
1-0: Foul Ball, location: 9LDF
1-1: Foul Ball, location: 5F
1-2: Ball
2-2: Foul Ball, location: 3SF
2-2: Strikes out swinging
Batting: RHB Kaiden Clackum 0-0: Foul Ball, location: 2F
0-1: Foul Ball, location: 2F
0-2: Foul Ball, location: 2LF
0-2: Foul Ball, location: 5FF
0-2: Ball
1-2: Ground out 5-3 (Groundball, 5, EV 81.9 MPH)
Batting: RHB Nolan Peterson 0-0: Called Strike
0-1: Called Strike
0-2: Ball
1-2: Foul Ball, location: 2F
1-2: Fly out, F8 (Flyball, 8LD, EV 92.5 MPH)
Top of the 7th over - 0 runs, 0 hits, 0 errors, 0 left on base; San Francisco 5 - Seattle 2
BOTTOM OF THE 7TH
Seattle Mariners batting - Pitching for San Francisco Giants : RHP D.J. Newton
Batting: RHB Amory Friedli 0-0: Ball
1-0: Ball
2-0: Swinging Strike
2-1: Foul Ball, location: 5DF
2-2: Ball
3-2: Strikes out looking
Pinch Hitting: LHB Landon Ramsburg 0-0: Swinging Strike
0-1: Foul Ball, location: 2F
0-2: Ball
1-2: Strikes out swinging
Pitching: RHP Alcander Eaton
Batting: RHB Jacob Cole 0-0: Called Strike
0-1: Ball
1-1: Foul Ball, location: 5F
1-2: Strikes out swinging
Bottom of the 7th over - 0 runs, 0 hits, 0 errors, 0 left on base; San Francisco 5 - Seattle 2
TOP OF THE 8TH
San Francisco Giants batting - Pitching for Seattle Mariners : LHP Mike Nimitz
Now at 2B: Gabriel Watson
Now at SS: James Victor
Batting: LHB Jeff Edelman 0-0: Ball
1-0: Ball
2-0: Ball
3-0: Called Strike
3-1: Called Strike
3-2: Strikes out swinging
Batting: RHB Theodore Phu 0-0: Foul Ball, location: 23F
0-1: Ground out 4-3 (Groundball, 4, EV 84.4 MPH)
Batting: RHB Jackson Maul 0-0: Called Strike
0-1: Swinging Strike
0-2: Ball
1-2: Foul Ball, location: 2F
1-2: Ball
2-2: Strikes out swinging
Top of the 8th over - 0 runs, 0 hits, 0 errors, 0 left on base; San Francisco 5 - Seattle 2
BOTTOM OF THE 8TH
Seattle Mariners batting - Pitching for San Francisco Giants : RHP Alcander Eaton
Batting: RHB Anthony Gelin 0-0: Called Strike
0-1: Ground out 5-3 (Groundball, 56, EV 85.0 MPH)
Batting: RHB Bobby Brundage 0-0: Ball
1-0: Ball
2-0: Called Strike
2-1: Ball
3-1: Foul Ball, location: 25F
3-2: Ground out 6-3 (Groundball, 6D, EV 83.1 MPH)
Batting: RHB Alexis Loya 0-0: Called Strike
0-1: Called Strike
0-2: Foul Ball, location: 23FF
0-2: Ball
1-2: Ball
2-2: Strikes out swinging
Bottom of the 8th over - 0 runs, 0 hits, 0 errors, 0 left on base; San Francisco 5 - Seattle 2
TOP OF THE 9TH
San Francisco Giants batting - Pitching for Seattle Mariners : LHP Mike Nimitz
Pitching: RHP Roy Lovelace
Batting: RHB Rhett Damewood 0-0: Ground out 4-3 (Groundball, 4MD, EV 105.0 MPH)
Batting: LHB Ray Gettelfinger 0-0: Ball
1-0: Ball
2-0: DOUBLE (Groundball, 3L, EV 98.8 MPH)
Batting: RHB Sebastian Schleusner 0-0: Ball
1-0: Ball
2-0: Ball
3-0: Called Strike
3-1: Ground out 5-3 (Groundball, 56S, EV 85.0 MPH)
Ray Gettelfinger to third
Batting: SHB Nathanael Harrison 0-0: Ground out 4-3 (Groundball, 4, EV 83.8 MPH)
Top of the 9th over - 0 runs, 1 hit, 0 errors, 1 left on base; San Francisco 5 - Seattle 2
BOTTOM OF THE 9TH
Seattle Mariners batting - Pitching for San Francisco Giants : RHP Alcander Eaton
Pitching: RHP Smokey Deveraux
Batting: RHB Harwood Witt 0-0: Ground out U3 (Groundball, 3, EV 101.9 MPH)
Batting: LHB Norman Visser 0-0: Called Strike
0-1: Swinging Strike
0-2: Strikes out swinging
Pinch Hitting: LHB Kent Niemann 0-0: Called Strike
0-1: Called Strike
0-2: Strikes out looking
Bottom of the 9th over - 0 runs, 0 hits, 0 errors, 0 left on base; San Francisco 5 - Seattle 2
Monday, May 6th , 2024 - OOTP Baseball 24.11 Build 85